 Dungeon Crawl Stone Soup version 0.25.0-46-gbd7b0854d2 (webtiles) character file.

Game seed: 1421662187337476947

21 DerDa the Magician (level 2, -1/19 HPs)
             Began as a Mummy Wizard on July 16, 2020.
             Slain by a hobgoblin
             ... wielding a +0 club
              (4 damage)
             ... on level 2 of the Dungeon.
             The game lasted 00:01:40 (1165 turns).

DerDa the Magician (Mummy Wizard)                   Turns: 1165, Time: 00:01:40

Health: -1/19      AC:  2    Str: 10    XL:     2   Next: 65%
Magic:  1/7        EV: 12    Int: 17    God:
Gold:   46         SH:  0    Dex: 10    Spells: 9/10 levels left

rFire    x . .     SeeInvis .   c - +0 club
rCold    + . .     Gourm    .   (no shield)
rNeg     + + +     Faith    .   a - +0 robe
rPois    ∞         Spirit   .   b - +0 hat
rElec    .         Reflect  .   (no cloak)
rCorr    .         Harm     .   (no gloves)
MR       .....                  (no boots)
Stlth    ++........             (no amulet)
HPRegen  0.06/turn              (no ring)
MPRegen  0.10/turn              (no ring)

@: very slightly contaminated
A: no food or potions, fire vulnerability, cold resistance 1, negative energy
resistance 3, torment resistance, unbreathing
a: no special abilities


You were on level 2 of the Dungeon.
You were not hungry.

You visited 1 branch of the dungeon, and saw 2 of its levels.

You collected 46 gold pieces.

Inventory:

Hand Weapons
 c - a +0 club (weapon)
Missiles
 g - 45 stones (quivered)
Armour
 a - a +0 robe (worn)
 b - a +0 hat (worn)
Scrolls
 d - a scroll of magic mapping {unknown}
 e - 2 scrolls of enchant weapon {unknown}
 f - a scroll of enchant armour {unknown}
 h - a scroll of identify {unknown}


   Skills:
 - Level 1.5 Dodging
 - Level 1.5 Stealth
 * Level 4.6 Spellcasting
 * Level 1.5 Conjurations
   Level 0.7 Summonings
   Level 0.7 Translocations


You had 9 spell levels left.
You knew the following spells:

 Your Spells              Type           Power        Failure   Level  Hunger
a - Magic Dart            Conj           #...         8%          1    N/A

Your spell library contained the following spells:

 Spells                   Type           Power        Failure   Level  Hunger
 Blink                    Tloc           N/A          17%         2    N/A
 Call Imp                 Summ           #.......     17%         2    N/A
 Slow                     Hex            #.......     22%         2    N/A
 Conjure Flame            Conj/Fire      #.......     32%         3    N/A
 Mephitic Cloud           Conj/Pois/Air  #.......     34%         3    N/A

Dungeon Overview and Level Annotations

Branches:
Dungeon (2/15)

Altars:


Innate Abilities, Weirdness & Mutations

You do not eat or drink.
Your flesh is vulnerable to fire.
You are immune to poison.
Your flesh is cold resistant. (rC+)
You are immune to negative energy. (rN+++)
You are immune to unholy pain and torment.
You can survive without breathing.


Message History

Confirm with . or Enter, or press ? or * to list all spells.
Aiming: Magic Dart (safe; 8% risk of failure)
Press: ? - help, Shift-Dir - straight line, f/p - hobgoblin
Aim: a hobgoblin, wielding a +0 club (heavily wounded)
You miscast Magic Dart.
Nothing appears to happen.
The hobgoblin hits you but does no damage.
Casting: Magic Dart (safe; 8% risk of failure)
Confirm with . or Enter, or press ? or * to list all spells.
You don't have enough magic to cast that spell.
Unknown command.
You closely miss the hobgoblin.
The hobgoblin is heavily wounded.
The hobgoblin hits you with a +0 club. x2
* * * LOW HITPOINT WARNING * * *
You completely miss the hobgoblin.
The hobgoblin is heavily wounded.
The hobgoblin closely misses you.
There is a stone staircase leading up here.
The hobgoblin hits you with a +0 club.
You die...

#....#
#.###.#..#
#........#
#####†####
##.##
#...#####
#.#.K.K.#
#...###g#
##### #@#
#.# #.#
#.. ###


You could see a hobgoblin and a kobold.

Vanquished Creatures
  2 leopard geckos
  4 bats (D:1)
  A giant cockroach (D:1)
  2 goblins
  3 hobgoblins (D:1)
  2 jackals (D:1)
  A kobold (D:1)
  2 rats
17 creatures vanquished.

Notes
Turn   | Place    | Note
-------+----------+-------------------------------------------
     0 | D:1      | DerDa the Mummy Wizard began the quest for the Orb.
     0 | D:1      | Reached XP level 1. HP: 13/13 MP: 5/5
   145 | D:1      | Reached skill level 1 in Conjurations
   290 | D:1      | Reached XP level 2. HP: 19/19 MP: 0/7
  1165 | D:2      | Slain by a hobgoblin

Illustrated notes

Levels and vault maps discovered:
D:1:      scummos_arrival_gate, layout_loops_ring
D:2:      layout_loops_corners, nicolae_qazlal_style_of_elements,
          minmay_tromino_mix6

Skill      XL: |  1 |
---------------+----+-----
Conjurations   | 1 |  1.5
Dodging        | |  1.5
Stealth        | |  1.5
Spellcasting   | |  4.6
Summonings     | |  0.7
Translocations | |  0.7

Action                   || total
-------------------------++-------
Melee: Club              ||    16
 Cast: Magic Dart        ||    45
Armor: Robe              ||    10
Dodge: Dodged            ||    15
